 Dungeon Crawl Stone Soup version 0.20-a0-2-g2b0e13a (webtiles) character file.

57 yukitheduck the Poker (level 3, 0/29 HPs)
             Began as a Centaur Skald on Oct 28, 2016.
             Was an Initiate of Gozag.
             Succumbed to an adder's poison
             ... on level 2 of the Dungeon.
             The game lasted 00:06:28 (1265 turns).

yukitheduck the Poker (Centaur Skald)               Turns: 1265, Time: 00:06:29

Health: 0/29       AC:  4    Str: 20    XL:     3   Next: 73%
Magic:  5/5        EV:  9    Int: 11    God:    Gozag
Gold:   68         SH:  0    Dex:  8    Spells: 1 memorised, 4 levels left

rFire  . . .     SeeInvis .     a - +0 spear
rCold  . . .     Gourm    .     b - +0 leather armour
rNeg   + . .     Faith    .     (no shield)
rPois  .         Spirit   .     (no helmet)
rElec  .         Reflect  .     (no cloak)
rCorr  .         Harm     +     (no gloves)
MR     .....                    (no barding)
Stlth  ..........               q - amulet of harm
                                (no ring)
                                t - ring of positive energy

@: mighty, lethally poisoned (0 -> -14), very quick
A: hooves 3, deformed body, speed 2, tough skin 3
a: Potion Petition, Call Merchant, Bribe Branch, Renounce Religion


You were on level 2 of the Dungeon.
You worshipped Gozag.
Gozag was noncommittal.
You were not hungry.

You visited 1 branch of the dungeon, and saw 2 of its levels.

You collected 92 gold pieces.
You paid 24 gold pieces to Gozag.

Inventory:

Hand Weapons
 a - a +0 spear (weapon)
Armour
 b - a +0 leather armour (worn)
 g - a +2 ring mail of cold resistance
Jewellery
 q - an amulet of harm (around neck)
 t - a ring of positive energy (left hand)
Wands
 l - a wand of acid (7/15)
Scrolls
 h - a scroll of teleportation {unknown}
 j - a scroll of enchant armour {unknown}
 k - a scroll of recharging {unknown}
 o - a scroll of fear {unknown}
 p - a scroll of fog {unknown}
 r - 2 scrolls of remove curse {unknown}
Potions
 e - a potion of lignification {unknown}
 m - a potion of curing {unknown}
 n - a potion of brilliance {unknown}
 s - a potion of flight {unknown}
Books
 c - a book of Battle

   Spells                             Type                      Level
   a - Infusion                       Charms                       1
   b - Shroud of Golubria             Charms/Translocation         2
   c - Song of Slaying                Charms                       2
   d - Spectral Weapon                Hexes/Charms                 3
   e - Regeneration                   Charms/Necromancy            3
Comestibles
 d - 2 bread rations


   Skills:
 - Level 2.1 Fighting
 + Level 3.4 Polearms
 - Level 0.6 Armour
 - Level 0.7 Dodging
 - Level 1.6 Spellcasting
 - Level 2.8 Charms


You had 4 spell levels left.
You knew the following spells:

 Your Spells              Type           Power        Failure   Level  Hunger
a - Infusion              Chrm           #...         14%         1    ##.....


Dungeon Overview and Level Annotations

Branches:
Dungeon (2/15)

Altars:
Gozag
Qazlal
Uskayaw


Innate Abilities, Weirdness & Mutations

You have hooves in place of feet.
Armour fits poorly on your strangely shaped body.
You cover ground very quickly.
You have extremely tough skin. (AC +3)


Message History

The adder is moderately wounded.
The adder bites you.
* * * LOW HITPOINT WARNING * * *
You are too injured to fight recklessly!
You are too injured to fight recklessly!
You are too injured to fight recklessly!
You hit the adder. Your kick misses the adder.
The adder is severely wounded.
* * * LOW HITPOINT WARNING * * *
You feel sick. The adder bites you but does no damage.
You hit the adder.
The adder is severely wounded.
The adder bites you.
* * * LOW HITPOINT WARNING * * *
You are more poisoned.
The adder poisons you!
It was a potion of might.
You feel very mighty all of a sudden.
You die...
Your body crumbles into a pile of gold.

.......# ...≈# ≈≈≈#
.##'#### #.≈≈#≈._≈# ..
.##.# #.≈≈#≈l>≈#...
.##.# #..≈≈≈≈≈≈≈≈≈.
.##.# ##..≈#+≈##≈≈≈.
..#.# #........≈≈≈..
..#.# #..≈.....≈.≈..
..#.#######.........(...
..#.##.....+$...@....#.
#.#.##.#####.....S.....#
#.#....# #........####
#.###### #...?...... #.#
#.#####+#.#.. #.# #.# .#
# ..# #.# . ### #


You could see an adder and a leopard gecko.

Vanquished Creatures
  3 adders (D:2)
  A leopard gecko (D:1)
  6 bats
  A giant cockroach (D:1)
  3 goblins
  6 hobgoblins
  4 kobolds
  A ball python (D:1)
  4 frilled lizards
29 creatures vanquished.

Notes
Turn   | Place    | Note
-------+----------+-------------------------------------------
     0 | D:1      | yukitheduck the Centaur Skald began the quest for the Orb.
     0 | D:1      | Reached XP level 1. HP: 17/17 MP: 3/3
    86 | D:1      | Reached skill level 2 in Polearms
   157 | D:1      | Reached XP level 2. HP: 24/24 MP: 4/4
   550 | D:2      | Found a hide-covered altar of Uskayaw.
   551 | D:2      | Noticed a dagger
   552 | D:2      | Noticed a hand axe
   713 | D:2      | Reached skill level 3 in Polearms
   713 | D:2      | Reached XP level 3. HP: 16/29 MP: 5/5
  1088 | D:2      | Found an opulent altar of Gozag.
  1096 | D:2      | Became a worshipper of Gozag Ym Sagoz the Greedy
  1216 | D:2      | Found a stormy altar of Qazlal.
  1265 | D:2      | Succumbed to an adder's poison

Vault maps used:
D:1:      nicolae_arrival_memento_mori
D:2:      lemuel_coloured_pillars_altar, dancing_weapons_uskayaw,
          nicolae_qazlal_general_emergency, marbit_many_paths, tgw_trog,
          first_bread, uniq_jessica

Skill      XL: |  1  2 |
---------------+-------+-----
Polearms       | 2 3 |  3.4
Fighting       | |  2.1
Armour         | |  0.6
Dodging        | |  0.7
Spellcasting   | |  1.6
Charms         | |  2.8

Action                   || total
-------------------------++-------
Melee: Spear             ||   139
       Kick              ||    15
 Cast: Infusion          ||     1
  Use: Potion            ||     1
  Eat: Chunk             ||     1
Armor: Leather armour    ||    45
Dodge: Dodged            ||    57
